 Dungeon Crawl Stone Soup version 0.25-a0-339-gb37b713 (webtiles) character file.

Game seed: 11219352250636023822, levelgen mode: deterministic

358 Birdy the Slasher (level 6, -5/48 HPs)
             Began as a Barachi Gladiator on Dec 29, 2019.
             Slain by Grinder (8 damage)
             ... while paralysed by Grinder
             ... on level 3 of the Dungeon.
             The game lasted 00:05:56 (2767 turns).

Birdy the Slasher (Barachi Gladiator)               Turns: 2767, Time: 00:05:56

Health: -5/48      AC:  5    Str: 15    XL:     6   Next: 64%
Magic:  6/6        EV:  2    Int:  9    God:
Gold:   174        SH:  0    Dex: 15    Spells: 5/5 levels left

rFire    . . .     SeeInvis .   a - +0 long sword
rCold    . . .     Gourm    .   (no shield)
rNeg     . . .     Faith    .   b - +0 leather armour
rPois    .         Spirit   .   e - +0 helmet
rElec    .         Reflect  .   (no cloak)
rCorr    .         Harm     +   (no gloves)
MR       .....                  j - +0 pair of boots
Stlth    +.........             c - amulet of harm
HPRegen  0.16/turn              (no ring)
MPRegen  0.10/turn              (no ring)

@: paralysed, slow
A: +LOS, swims, slowness 1, strong legs 1
a: Hop


You were on level 3 of the Dungeon.
You were not hungry.

You visited 1 branch of the dungeon, and saw 3 of its levels.

You collected 174 gold pieces.

Inventory:

Hand Weapons
 a - a +0 long sword (weapon)
Missiles
 d - 3 throwing nets (quivered)
Armour
 b - a +0 leather armour (worn)
 e - a +0 helmet (worn)
 j - a +0 pair of boots (worn)
Jewellery
 c - an amulet of harm (around neck)
Scrolls
 g - a scroll of teleportation
 h - 3 scrolls of remove curse
 k - a scroll of identify {unknown}
Potions
 i - a potion of haste
Comestibles
 f - 6 rations
 l - 3 chunks of flesh


   Skills:
 + Level 3.8 Fighting
 * Level 5.6 Long Blades
 - Level 2.0 Throwing
 * Level 3.7 Armour
 * Level 5.0 Dodging


You had 5 spell levels left.
You didn't know any spells.
Your spell library was empty.

Dungeon Overview and Level Annotations

Branches:
Dungeon (3/15)

Altars:
Gozag
Makhleb
Okawaru
Uskayaw

Annotations:
D:3 Grinder


Innate Abilities, Weirdness & Mutations

You can be seen from farther away. (+LOS)
You can swim through water.
You cover ground slowly.
You can hop short distances.


Message History

Grinder hits you but does no damage.
You can move again.
Okay, then.
You barely miss Grinder. Grinder closely misses you.
You barely miss Grinder. Grinder gestures at you.
Pain shoots through your body!
You closely miss Grinder. Grinder gestures at you.
You suddenly lose the ability to move!
Grinder hits you!
* * * LOW HITPOINT WARNING * * *
Grinder gestures at you. You resist with significant effort. Grinder hits you.
* * * LOW HITPOINT WARNING * * *
You writhe in agony.
* * * LOW HITPOINT WARNING * * *
Grinder hits you!
You die...

#....._..........#.#
##.##....
##.#.......#).....#.#
#..#.....
#..#.......#.†....#.#
#.##.....
#..##.....##......#.#
#.##.####
#..####.####(.......###.##.#
#
#............##............#
#
#......###.####..)....#.##.#
#
#.##.#.###.####.......#.##.#
#
#.##>#........@5......#.##.#
#
#.##....##.####.......#.##.#
# #.##.#.###.#
#.....[......####
#.##.......#
#.....)...####.##
#......#####
#.#####.#####.#.# ########
#.#####.# #.###.
#.......#####.#.#
#.#####........## '#
#.#####..##


You could see Grinder.

Vanquished Creatures
  A water moccasin (D:2)
  Natasha (thrice) (D:3)
  A gnoll (D:3)
  6 adders
  3 worms
  2 dart slugs (D:1)
  5 leopard geckos
  10 orcs (D:3)
  5 bats
  8 giant cockroaches
  12 goblins
  9 hobgoblins
  4 jackals (D:2)
  7 kobolds
  5 frilled lizards
  3 rats
84 creatures vanquished.

Notes
Turn   | Place    | Note
-------+----------+-------------------------------------------
     0 | D:1      | Birdy the Barachi Gladiator began the quest for the Orb.
     0 | D:1      | Reached XP level 1. HP: 17/17 MP: 1/1
    67 | D:1      | Reached XP level 2. HP: 22/23 MP: 2/2
    90 | D:1      | Reached skill level 1 in Armour
   181 | D:1      | Reached XP level 3. HP: 22/28 MP: 3/3
   799 | D:2      | Reached XP level 4. HP: 20/34 MP: 4/4
   899 | D:2      | Found a faded altar of an unknown god.
  1044 | D:2      | Noticed a water moccasin
  1053 | D:2      | Killed a water moccasin
  1053 | D:2      | Reached skill level 5 in Long Blades
  1053 | D:2      | Reached XP level 5. HP: 25/41 MP: 5/5
  1289 | D:2      | Found a burning altar of Makhleb.
  1665 | D:3      | Found an iron altar of Okawaru.
  1679 | D:3      | Reached XP level 6. HP: 40/47 MP: 6/6
  1731 | D:3      | Noticed Natasha
  1762 | D:3      | Killed Natasha
  2102 | D:3      | Noticed Natasha
  2114 | D:3      | Killed Natasha
  2186 | D:3      | Noticed a +0 dagger
  2190 | D:3      | Noticed a +0 dagger
  2192 | D:3      | Found a hide-covered altar of Uskayaw.
  2296 | D:3      | Noticed Natasha
  2313 | D:3      | Killed Natasha
  2313 | D:3      | Reached skill level 5 in Dodging
  2642 | D:3      | Found an opulent altar of Gozag.
  2750 | D:3      | Noticed Grinder
  2755 | D:3      | Paralysed by Grinder for 6 turns
  2763 | D:3      | Paralysed by Grinder for 5 turns
  2767 | D:3      | Slain by Grinder

Levels and vault maps discovered:
D:1:      psy_arrival_terrarium, layout_basic
D:2:      layout_loops_ring, lemuel_doored_altar,
          chequers_ecumenical_altar_lobes, minmay_hedge_maze
D:3:      layout_loops_cross, dancing_weapons_uskayaw,
          okawaru_altar_gauntlet_db, old_standard_altar,
          gammafunk_temple_overflow_pools, uniq_grinder, uniq_natasha,
          uniq_crazy_yiuf_cottage

Skill      XL: |  1  2  3  4  5  6 |
---------------+-------------------+-----
Armour         | 1 3 |  3.7
Long Blades    | 4 5 |  5.6
Dodging        | 4 5 |  5.0
Fighting       | 3 |  3.8
Throwing       | |  2.0

Action                   |  1- 3 |  4- 6 || total
-------------------------+-------+-------++-------
Melee: Long sword        |    83 |   186 ||   269
 Abil: Hop               |     1 |     1 ||     2
  Use: Scroll            |     2 |     3 ||     5
       Potion            |     1 |     3 ||     4
  Eat: Chunk             |       |     8 ||     8
Armor: Leather armour    |    41 |    54 ||    95
Dodge: Dodged            |    66 |   182 ||   248
       Rpst.: Long sword |    24 |    62 ||    86

Table legend:
 A = Non-vault XP
 B = Vault XP
 C = Vault XP percentage of total XP
 D = Non-vault monster count
 E = Vault monster count
 F = Vault count percentage of total count
                 A         B        C        D         E       F
            +---------+---------+-------+---------+---------+-------
      Total |     451 |      61 |  11.9 |      77 |       7 |   8.3
            +---------+---------+-------+---------+---------+-------
        D:1 |      46 |       0 |   0.0 |      23 |       0 |   0.0
        D:2 |     263 |       0 |   0.0 |      31 |       0 |   0.0
        D:3 |     142 |      61 |  30.0 |      23 |       7 |  23.3
            +---------+---------+-------+---------+---------+-------
